[Event "44th Chess Olympiad Open 2022"]
[Site "Chennai"]
[Date "2022.08.02"]
[Round "5.34"]
[White "O`Gorman, Tom"]
[Black "Zhemba, Jemusse"]
[Result "1/2-1/2"]
[ECO "C88"]
[WhiteElo "2401"]
[BlackElo "2162"]
[Annotator "TA"]
[PlyCount "148"]
[EventDate "2022.07.29"]
[EventType "team-tourn"]
[EventCountry "IND"]
[SourceTitle "playchess.com"]
[Source "ChessBase"]
[SourceQuality "1"]
[WhiteTeam "Ireland"]
[BlackTeam "Zimbabwe"]
[WhiteTeamCountry "IRL"]
[BlackTeamCountry "ZIM"]
[TimeControl "40/5400+30:1800+30"]

1. e4 e5 2. Nf3 Nc6 3. Bb5 a6 4. Ba4 Nf6 5. O-O Be7 6. Re1 b5 7. Bb3 O-O 8. h3 Bb7 9. d3 Re8 {[%emt 0:00:33] 9...d5 is the modern continuation.} 10. Nc3 {[%emt 0:06:04] C88: Closed Ruy Lopez: Anti-Marshall Systems.} h6 11. a4 b4 12. Nd5 {[%emt 0:00:26] White is slightly better.} Bf8 {[%emt 0:00:05] [#]} 13. c3 $146 ({Predecessor:} 13. Be3 Na5 14. Nxf6+ Qxf6 15. Ba2 Rad8 {½-½ (15) Manik,M (2451)-Plachetka,J (2414) Slovakia 2006}) 13... Rb8 14. a5 d6 15. Bd2 Nxd5 16. Bxd5 Nxa5 17. cxb4 Nc6 18. Qa4 Na7 19. Bxb7 {[%emt 0:01:29] White is much more active.} Rxb7 20. Qxa6 Qb8 21. Rec1 Nb5 22. Qc6 Rb6 23. Qc4 Qc8 24. Be3 Rb8 25. Nd2 Re6 (25... Qb7 $142) 26. Nb1 Rg6 27. Kh2 d5 28. exd5 Bd6 (28... Qd7 $142) 29. Kh1 (29. Nc3 $142 Nd4 30. Ne4) 29... Nd4 30. Ra4 Qf5 {[%emt 0:00:05] [#]} ({Black should play} 30... Ne2) 31. Bxd4 $4 (31. Nd2 $1 $16 {is necessary to keep the advantage.}) 31... exd4 $19 32. Qxd4 Rxg2 33. Kxg2 $11 Qg5+ 34. Qg4 Qxc1 35. Nc3 Qxb2 36. Ne4 Qb3 37. Ra7 (37. Nxd6 $11 cxd6 38. Ra6) 37... Qxd5 $17 {[%emt 0:01:11] aiming for ...f5.} ({Don't play} 37... Qxd3 $6 38. Qf5 Qd4 39. Nxd6 Qxa7 40. Qxf7+ Kh8 41. Ne8 $11 (41. Nf5 Qa1 $17)) 38. Qf3 {[%emt 0:01:10][%cal Oe4f6] Hoping for Nf6+!} Qd4 {[%emt 0:01:35] Prevents Nf6+.} 39. Ra5 Bxb4 40. Rd5 Qa1 ({But not} 40... Qxd5 {[#]} 41. Nf6+ $1 gxf6 42. Qxd5 $14) (40... Qb6 $17) 41. Rd7 $132 {[%emt 0:31:05][%csl LRc7,LRf7][%mdl 2048] White is fighting back} Rf8 42. Rxc7 Qe5 43. Rd7 f5 44. Ng3 Bd6 45. d4 Qe6 46. Qb7 Rf7 47. Rxf7 Qxf7 48. Qxf7+ Kxf7 49. Nxf5 $14 {[%emt 0:00:00][%mdl 4096] Endgame KB-KN} Bf8 50. Kf3 g6 51. Ne3 Ke6 52. Ke4 Bb4 53. Ng4 h5 $1 54. Ne5 Kf6 55. f3 Bc3 56. Nd3 Kg5 (56... g5 $14) 57. Nf4 $2 (57. f4+ $18 Kf6 58. d5) 57... Kh4 $11 58. Nxg6+ Kxh3 59. f4 (59. Ne7 $1 $14) 59... Kg4 {[%emt 0:00:00] The position is equal.} 60. f5 h4 61. Ne5+ Kh5 62. f6 h3 {[%emt 0:00:44] ...h2 is the strong threat.} 63. f7 Bb4 $1 {[%emt 0:00:52] And now ...h2 would win.} 64. Kf3 $1 Kh6 65. Nc6 h2 66. Kg2 Bd6 67. Nd8 Kg7 68. d5 Be7 69. Nc6 Bd6 70. Nd8 Be7 71. Nb7 Kxf7 72. d6 h1=Q+ 73. Kxh1 Bxd6 74. Nxd6+ Kf8 {[%emt 0:00:06] Weighted Error Value: White=0.32/Black=0.34} 1/2-1/2

[Event "44th Chess Olympiad Open 2022"]
[Site "Chennai"]
[Date "2022.08.02"]
[Round "5.57"]
[White "Sulaiman, Ahmad Ashrafi"]
[Black "Kim, Changhoon"]
[Result "0-1"]
[ECO "D02"]
[WhiteElo "1953"]
[BlackElo "1827"]
[Annotator "TA"]
[PlyCount "128"]
[EventDate "2022.07.29"]
[EventType "team-tourn"]
[EventCountry "IND"]
[SourceTitle "playchess.com"]
[Source "ChessBase"]
[SourceQuality "1"]
[WhiteTeam "Afghanistan"]
[BlackTeam "Korea"]
[WhiteTeamCountry "AFG"]
[BlackTeamCountry "KOR"]
[TimeControl "40/5400+30:1800+30"]

1. d4 d5 2. Bf4 Nf6 3. e3 c5 4. c3 Nc6 5. Nd2 e6 6. Ngf3 Bd6 7. Bg3 O-O 8. Be2 b6 9. O-O Bb7 10. a4 {[%emt 0:00:35] [#] D02: 1 d4 d5 2 Nf3 sidelines, including 2...Nf6 3 g3 and 2...Nf6 3 Bf4.} Qc7 $146 ({Predecessor:} 10... Re8 11. Bb5 Bxg3 12. hxg3 Nd7 13. Qb3 Qc7 14. Rfd1 a6 15. Bxc6 Bxc6 16. Qa3 a5 17. Qb3 Rab8 {0-1 (85) Ustianovich,N (2376)-Frolyanov,D (2542) Riga 2019}) 11. Qc2 e5 12. dxe5 {[%emt 0:00:09] The position is equal.} (12. Nxe5 {is more complex.} Nxe5 13. Bxe5 Bxe5 14. dxe5 Qxe5 15. a5) 12... Nxe5 13. Nxe5 Bxe5 14. Bf3 Bxg3 15. hxg3 Rfe8 16. Rfd1 Rac8 17. Qb3 Bc6 18. Qa3 Bd7 19. Rac1 Qc6 20. c4 Qxa4 21. cxd5 (21. Qc3 $11) 21... Qxa3 $17 {[%emt 0:00:43] Black is more active.} 22. bxa3 Ba4 23. Re1 Red8 (23... g5 $11) 24. e4 $14 b5 25. Nf1 ({White should play} 25. Nb1 $14) 25... a5 (25... c4 $15) 26. Ne3 {[%emt 0:02:42] Black must now prevent e5.} c4 27. Nf5 ({White has to play} 27. e5 $14 Nd7 28. Nf5) 27... Kf8 $1 $15 {[%emt 0:01:14] Threatening ...c3.} 28. Ne3 (28. Nd4 $1 $11 {remains equal.}) 28... Nd7 (28... Re8 $17 29. Nf5 Re5) 29. Bg4 (29. Bd1 $1 $15) 29... Rc5 (29... c3 $17 {aiming for ...b4.} 30. Ra1 c2 31. Bxd7 Rxd7) 30. Bxd7 $11 Rxd7 31. e5 $2 ({White should try} 31. Rc3 $1 $15) 31... Rdxd5 (31... c3 $19 {Threatens to win with ...c2.} 32. f4 c2) 32. Nxd5 $17 Rxd5 $19 {[%emt 0:00:02][%mdl 4096] Endgame KRR-KRB} 33. Re3 Ke7 {[%emt 0:01:07][%mdl 1024] Black has strong compensation.} 34. f4 Bb3 35. Kf2 Ke6 (35... h5 $17) 36. Kf3 (36. g4 $1 $11 {keeps the balance.}) 36... Rd2 (36... b4 $17 {Hoping for ...c3.} 37. axb4 axb4) 37. g4 $1 $11 g6 {[%emt 0:00:43] Against f5+. next ...Bc2 is good for Black.} 38. Kg3 (38. f5+ $11 gxf5 39. gxf5+ Kxf5 40. Rf1) 38... Bc2 $15 39. f5+ gxf5 40. gxf5+ Bxf5 41. a4 $1 Bd3 ({Resist} 41... bxa4 42. Rxc4 Bc2 43. Rc5 $14) (41... b4 $17 42. Rxc4 Rc2) 42. axb5 $11 Rb2 43. Ra1 Rxb5 44. Kf4 Kd5 45. e6 $1 fxe6 {[%emt 0:00:15] And now ...Kd4 would win.} 46. Re5+ Kc6 47. Rxe6+ Kc5 48. Re5+ Kb4 49. Rxb5+ Kxb5 {[%emt 0:00:06] KR-KB} 50. Ke3 Kb4 {[%emt 0:00:38] Strongly threatening ...a4.} 51. Kd2 Be4 52. Rh1 c3+ 53. Kc1 {[%emt 0:00:05] White wants to mate with Rh4.} Kc4 54. Rh5 a4 55. g3 $2 {[%emt 0:00:35][%mdl 8192] [#]} (55. Rh4 $11 Kd4 56. Rh6) 55... a3 56. Ra5 Kb3 57. Rb5+ Ka4 58. Rb6 a2 $2 (58... Bd3 {mates} 59. Rb7 a2 60. Ra7+ Kb3 61. Rb7+ {[#]} Bb5 $1 62. Rxb5+ Ka4 63. Rb8 a1=Q+ 64. Kc2 Qe1 65. Ra8+ Kb5 66. Rb8+ Ka5 67. Rd8 Qe5 68. Kb3 c2 69. Ra8+ Kb6 70. Kxc2 Qe4+ 71. Kd2 Qxa8 72. Ke3 Qd5 73. g4 Kc5 74. g5 Qxg5+ 75. Kd3 h5 76. Ke2 Kd4 77. Kf3 h4 78. Ke2 Qg2+ 79. Kd1 Kd3 80. Ke1 Qg1#) 59. Ra6+ Kb3 60. Rb6+ $1 Kc4 61. Ra6 Bb1 {[%emt 0:00:26] ( -> ...h5)} 62. Ra4+ $2 (62. g4 $15) 62... Kd3 $2 ({Better is} 62... Kb5 $19 63. Ra8 h5) 63. g4 $1 $15 h6 64. Kd1 $2 (64. Ra6 $11) 64... Bc2+ {[%emt 0:00:17] Weighted Error Value: White=0.58/Black=0.48} 0-1

[Event "44th Chess Olympiad Open 2022"]
[Site "Chennai"]
[Date "2022.08.02"]
[Round "5.64"]
[White "Mirulla, David"]
[Black "Mathurin, Nathaniel"]
[Result "0-1"]
[ECO "B53"]
[WhiteElo "1953"]
[BlackElo "1722"]
[Annotator "TA"]
[PlyCount "90"]
[EventDate "2022.07.29"]
[EventType "team-tourn"]
[EventCountry "IND"]
[SourceTitle "playchess.com"]
[Source "ChessBase"]
[SourceQuality "1"]
[WhiteTeam "CPV"]
[BlackTeam "LCA"]
[TimeControl "40/5400+30:1800+30"]

1. e4 c5 2. Nf3 d6 3. d4 Nf6 4. dxc5 Nxe4 5. cxd6 Nc6 6. Bd3 Nxd6 {[%emt 0:01:15] B53: Sicilian: 2...d6: Lines with Qxd4.} 7. h3 g6 8. O-O Bg7 {[%emt 0:00:01] The position is equal.} 9. Re1 O-O 10. c3 {[%emt 0:05:31] [#]} Qb6 $146 ({Predecessor:} 10... Bf5 11. Bxf5 Nxf5 12. Nbd2 Qc7 13. Ne4 Rad8 14. Qe2 b6 15. g4 Nd6 16. Bf4 e5 17. Nxd6 Rxd6 18. Nxe5 {0-1 (32) Anand,V (2786)-Nepomniachtchi,I (2751) Zuerich 2017}) 11. Qb3 Be6 12. Qxb6 axb6 13. Be3 Bxa2 14. Bxb6 (14. Na3 $15 {is more appropriate.} Bxc3 15. Rxa2 Bxe1 16. Nxe1) 14... Bc4 $17 15. Rxa8 Rxa8 16. Bc2 (16. Bxc4 $17 Nxc4 17. Bc5) 16... Ra2 $19 17. b3 Rxc2 18. bxc4 Nxc4 19. Bc5 Bf6 20. Kf1 b6 21. Be3 (21. Bd4 $142) 21... b5 (21... Bxc3 $19 22. Nxc3 Rxc3) 22. Re2 $17 Rxe2 {[%emt 0:16:01] 0x0.001b83e4fb57dp-1022s more active pieces.} 23. Kxe2 Kf8 24. Nfd2 Nd6 25. Bc5 Nb7 26. Ba3 Ke8 27. Kd3 Be5 28. Nf3 f6 29. Nbd2 Bc7 30. c4 (30. Nd4 $17 Nxd4 31. cxd4) 30... b4 $19 31. Bb2 Nc5+ 32. Kc2 e5 33. Ne1 Na5 34. f3 Kd7 35. Ne4 $2 {[%emt 0:00:23] [#]} (35. Nd3 Nxd3 36. Kxd3) 35... Nxe4 36. fxe4 Nxc4 {[%emt 0:01:03][%mdl 4096] Endgame KBN-KBN} 37. Bc1 Kc6 38. Kb3 Kb5 {[%emt 0:00:02] Black is clearly winning.} 39. Bh6 Bd6 40. Nd3 Na5+ 41. Kc2 Kc4 42. Be3 b3+ 43. Kd2 Bb4+ 44. Ke2 Ba3 45. Kd2 b2 {[%emt 0:00:09] Weighted Error Value: White=0.47/Black=0.13 (very precise)} 0-1

[Event "44th Chess Olympiad Open 2022"]
[Site "Chennai"]
[Date "2022.08.02"]
[Round "5.66"]
[White "Iclicki, Willy"]
[Black "Brookfield, Toby"]
[Result "1-0"]
[ECO "A80"]
[WhiteElo "1975"]
[BlackElo "1815"]
[Annotator "TA"]
[PlyCount "141"]
[EventDate "2022.07.29"]
[EventType "team-tourn"]
[EventCountry "IND"]
[SourceTitle "playchess.com"]
[Source "ChessBase"]
[SourceQuality "1"]
[WhiteTeam "Liechtenstein"]
[BlackTeam "Channel Islands"]
[WhiteTeamCountry "LIE"]
[BlackTeamCountry "GCI"]
[TimeControl "40/5400+30:1800+30"]

1. d4 f5 2. Nc3 Nf6 3. Bg5 d5 4. f3 Be6 5. e3 {[%emt 0:12:46] [#]} a6 $146 ({Predecessor:} 5... Nbd7 6. Qd2 c6 7. Nge2 h6 8. Bh4 g5 9. Bf2 Bg7 10. h4 b5 11. Ng3 Nb6 12. b3 {0-1 (35) Hamidi,A (2276)-Nepomniachtchi,I (2773) Chess.com INT 2022}) 6. Bd3 {[%emt 0:00:22] A80: Dutch Defence: Unusual White second moves.} g6 (6... h6 $11 7. Bh4 Nc6) 7. Nge2 Bg7 8. Qd2 {[%emt 0:05:14] White is slightly better.} Nc6 9. a3 Qd7 10. O-O-O O-O-O ({Black should try} 10... Bf7 $1 $11) 11. Na4 $14 Bf7 12. Nc5 (12. Qc3 $5 Qe8 13. Nc5 $14) 12... Qd6 13. Qc3 Nb8 14. Bf4 Qc6 15. Be5 Bh6 16. Nf4 $40 {[%emt 0:03:45][%mdl 128] White mounts an attack. White is more active.} ({Better is} 16. b4 $14) 16... g5 $2 {[%emt 0:04:59][%mdl 8192] White leaves nothing to chance now.} (16... Rhe8 $11) 17. Bxf5+ $18 Nbd7 18. Nfe6 Bxe6 19. Bxe6 Rhe8 20. Bxf6 exf6 21. Bxd7+ Rxd7 22. Nxd7 Qxd7 23. g4 Re6 24. Qd3 Bf8 25. Qf5 Kb8 26. Rd3 Qe8 27. Kb1 h6 28. Rhd1 Bd6 29. Qxd5 Rxe3 30. Rxe3 Qxe3 {[%emt 0:00:09][%mdl 4096] Endgame KQR-KQB} 31. Qe4 Qf2 32. Rd3 Qxh2 (32... Bxh2 $142 33. Rb3 Qf1+ 34. Ka2 b6) 33. Rb3 {[%emt 0:00:34][%csl Gb3][%cal Re4b7] [#]} b6 34. a4 {[%emt 0:00:31] And now a5 would win.} a5 35. c4 Ka7 (35... Bb4 $142 36. Re3 Qd2) 36. Ka2 (36. c5 $142 Qg1+ 37. Ka2 Bxc5 38. dxc5 Qxc5 39. Rc3) 36... Qd2 37. c5 Bf8 38. cxb6+ cxb6 39. Qd5 (39. Rc3 $142 Qxc3 40. bxc3 Bd6 41. Qh7+ Kb8 42. Qg8+ Kb7 43. Qd5+ Kc7 44. Qf7+ Kb8 45. Qxf6) 39... Bb4 40. Qd7+ Ka6 41. Qc8+ (41. Qc6 $142 Ka7 42. Qc7+ Ka8 43. Qxb6 Qc2 44. Qa6+ Kb8 45. d5 Qc7 46. d6) 41... Ka7 42. Qc7+ Ka6 43. Qc4+ (43. Qb8 $142 Qxb2+ 44. Rxb2 Be7 45. Rxb6#) 43... Ka7 44. d5 Qh2 45. Qc6 {[%emt 0:00:00][%cal Ob3b4] [#] Intending Rxb4! and mate.} Qf4 46. d6 Qxd6 47. Qxd6 Bxd6 {[%emt 0:00:00] KR-KB} 48. Rd3 Be5 49. Rd7+ Ka6 50. b3 b5 51. Kb1 bxa4 52. bxa4 Kb6 53. Kc2 Kc5 {[%emt 0:00:00] Prevents Rd5+.} 54. Kb3 Bf4 55. Rd1 (55. Rh7 Kd4 56. Re7 (56. Rxh6 Ke3 $16) 56... Kd3 $18) 55... Be5 56. Rd8 ({Not} 56. Rh1 Kd4 $18) 56... Bf4 57. Re8 Be5 58. Rd8 Bf4 59. Rd1 Be5 60. Re1 {[%emt 0:00:36] Hoping for Re2.} ({Weaker is} 60. Rh1 Kd4 $18) 60... Kd4 $2 (60... Kd5 61. Rd1+ (61. Rh1 Kd4 $18) 61... Bd4) 61. Kc2 {[%emt 0:00:45] White is clearly winning.} Kc4 62. Re4+ Kc5 63. Kd3 Kd5 64. Re1 Kc5 (64... Bd6 $142 65. Rh1 Bf8) 65. Rb1 Bc7 66. Rb5+ Kd6 67. Ke4 {[%emt 0:00:10] aiming for Kf5.} Ke6 68. Rc5 Bd8 69. Rc6+ Kf7 70. Kf5 Be7 71. Rc7 {[%emt 0:00:19] Weighted Error Value: White=0.72/Black=1.01} 1-0

[Event "44th Chess Olympiad Open 2022"]
[Site "Chennai"]
[Date "2022.08.02"]
[Round "5.68"]
[White "Ndahangwapo, Heskiel"]
[Black "Lee, Ethan"]
[Result "1-0"]
[ECO "E01"]
[WhiteElo "1904"]
[BlackElo "1629"]
[Annotator "TA"]
[PlyCount "100"]
[EventDate "2022.07.29"]
[EventType "team-tourn"]
[EventCountry "IND"]
[SourceTitle "playchess.com"]
[Source "ChessBase"]
[SourceQuality "1"]
[WhiteTeam "Namibia"]
[BlackTeam "SGP"]
[WhiteTeamCountry "NAM"]
[TimeControl "40/5400+30:1800+30"]

1. d4 d5 2. c4 Nf6 3. Nf3 e6 4. g3 dxc4 5. Nbd2 c5 (5... b5 $15 {feels stronger.} 6. a4 c6) 6. dxc5 {[%emt 0:02:02] E01: Catalan: Early deviations.} Nc6 (6... Bxc5 {feels hotter.} 7. Qa4+ Nc6 8. Bg2 O-O) 7. Bg2 Bxc5 8. O-O {[%emt 0:00:07] The position is equal.} O-O (8... b5 {keeps more tension.} 9. Ne5 Nxe5 10. Bxa8 Neg4) 9. Qc2 {[%emt 0:00:09] [#]} (9. Nxc4 $14 {stays ahead.} b6 10. Qa4) 9... Qc7 $146 (9... b5 $17) ({Predecessor:} 9... b5 10. a4 Ba6 11. axb5 Bxb5 12. Nxc4 Rc8 13. b3 Nb4 14. Qb2 Qe7 15. Bg5 h6 16. Bxf6 Qxf6 17. Qxf6 gxf6 {0-1 (23) Dellepiani,F (2118)-Barbosa,O (2435) ICC INT 2009}) 10. Nxc4 Rd8 11. Bf4 e5 12. Bxe5 ({White should try} 12. Ncxe5 Nxe5 13. Kh1) 12... Nxe5 $11 13. Nfxe5 b5 14. Na3 $2 {[%emt 0:05:56][%mdl 8192] [#] White is more active.} Qxe5 $1 $19 15. Bxa8 {[%emt 0:00:26] aiming for Rac1.} (15. Rac1 Bxa3) 15... Bf5 16. e4 {[%emt 0:00:05] [#]} Bh3 {[%emt 0:07:03] This bishop pair is nice.} 17. Bc6 (17. Bb7 $17 Rb8 18. Rac1 (18. Bc6 Rc8 $17) 18... Bxa3 19. bxa3) 17... a6 ({Black should play} 17... Rc8 $19 18. Rfd1 (18. Bb7 Rc7 $19) 18... Bb6) 18. Rfd1 $15 Rxd1+ (18... Rc8 $1 $15 19. Rac1 (19. Bb7 Rc7 $15) 19... Bb6) 19. Rxd1 $14 h5 {[%emt 0:01:21] Black is on the road to losing.} 20. Nb1 {[%emt 0:02:20] And now Rd8+ would win.} Ng4 $2 (20... h4 $16 21. Qc3 Ng4 22. Qxe5 Bxf2+ 23. Kh1 Nxe5) 21. Rd5 $18 Bxf2+ {[%emt 0:13:55] [#]} 22. Qxf2 $1 Qc7 23. Qc5 Nf6 24. Bd7 Qxc5+ 25. Rxc5 Bxd7 {[%emt 0:00:09][%mdl 4096] Endgame KRN-KBN} 26. Nc3 ({Resist} 26. Nd2 Kf8 27. Rc7 Ke8 $18) 26... b4 27. Nd5 Nxe4 28. Rc4 Ng5 29. Rxb4 Nf3+ 30. Kg2 Ne1+ 31. Kf1 Nd3 32. Rb8+ Kh7 33. Nf4 Nxf4 34. gxf4 {[%emt 0:00:05] KR-KB} Be6 35. b3 Kg6 36. Kf2 Kf5 37. Kg3 f6 38. h4 g5 39. fxg5 {[%emt 0:00:13] White mates.} fxg5 40. hxg5 Kxg5 41. Ra8 h4+ 42. Kh2 Kf4 43. Rxa6 Bc8 44. Rc6 Bb7 45. Rc4+ Ke5 46. Kh3 Kd5 47. Kxh4 Ba6 48. Rc1 Bd3 49. Rd1 Kd4 50. a4 Ke4 {[%emt 0:01:16] Weighted Error Value: White=0.38/Black=0.52} 1-0

[Event "44th Chess Olympiad Open 2022"]
[Site "Chennai"]
[Date "2022.08.02"]
[Round "5.68"]
[White "Uapingene, Uatiavi Jossy"]
[Black "Drayton, Anthony"]
[Result "1/2-1/2"]
[ECO "D00"]
[WhiteElo "1798"]
[BlackElo "1928"]
[Annotator "TA"]
[PlyCount "211"]
[EventDate "2022.07.29"]
[EventType "team-tourn"]
[EventCountry "IND"]
[SourceTitle "playchess.com"]
[Source "ChessBase"]
[SourceQuality "1"]
[WhiteTeam "Namibia"]
[BlackTeam "Guyana"]
[WhiteTeamCountry "NAM"]
[BlackTeamCountry "GUY"]
[TimeControl "40/5400+30:1800+30"]

1. d4 Nf6 2. Bg5 d5 3. Bxf6 exf6 4. e3 Bd6 5. g3 Nd7 6. Bg2 {[%emt 0:02:46] D00: 1 d4 d5: Unusual lines.} c6 7. Ne2 Nb6 8. b3 Bf5 9. Nd2 Ba3 10. O-O O-O {[%emt 0:03:19] [#]} 11. Nf3 $146 ({Predecessor:} 11. Nf4 Qd7 12. Nf3 g5 13. Nd3 Rfe8 14. Qe2 Bg6 15. Rfe1 Rad8 16. Qd2 Kg7 17. Qc3 {0-1 (40) Ackley,P (2108)-Sanchez,J (1923) ICCF email 2018}) 11... h6 12. Qd2 Re8 13. Nf4 Qe7 14. Nd3 Rad8 15. Rab1 Bg6 16. Qc3 a5 17. Nh4 Bh7 18. b4 (18. Qxa5 $11 Ra8 19. Qd2 (19. Qxb6 Ra6 $17)) 18... Bxd3 (18... axb4 $17 19. Nxb4 Nc4) 19. cxd3 (19. Qxd3 $15 axb4 20. c3) 19... Bxb4 20. Qb3 {[%emt 0:00:06] a3 is the strong threat.} Na8 (20... Nc8 $17) 21. Nf5 $15 Qf8 22. a3 (22. Ra1 $1 $11 {keeps the balance.}) 22... Bxa3 $17 23. Qxb7 g6 24. Nh4 Qd6 25. Qb3 Rb8 26. Qa4 Rxb1 27. Rxb1 Bb4 28. Rc1 Rc8 29. Qd1 Nb6 30. Nf3 c5 ({Black should try} 30... a4 31. h4 h5) 31. dxc5 Rxc5 (31... Bxc5 $142 32. Bh3 Rc7) 32. Nd4 (32. Rb1 $142) 32... Rxc1 33. Qxc1 Qc5 (33... a4 $142 34. Qb1 Qc5) 34. Qxc5 Bxc5 {[%emt 0:04:25][%mdl 4096] Endgame KBN-KBN} 35. Nb3 Bb4 36. Na1 (36. Kf1 $17 {was necessary.}) 36... a4 $1 $19 37. Nc2 Bc3 (37... Be7 $19 {and Black stays clearly on top. Hoping for ...a3.} 38. d4 a3) 38. Kf1 $17 Bb2 39. Ke2 a3 40. Nb4 Na4 41. Na2 d4 42. exd4 (42. Bd5 $142) 42... Bxd4 43. Bd5 f5 44. f4 Kf8 45. Bb3 Nc5 46. Bc4 Ke7 47. Nb4 Bb2 48. Nd5+ Kd6 49. Ne3 Ne6 50. Ba2 Kc5 51. Nc4 (51. Kd2 $17 {might work better.}) 51... Nd4+ 52. Kd1 Kb4 53. Ne5 $2 (53. Ne3) 53... Nb5 $19 54. Bxf7 Bxe5 55. fxe5 {[%emt 0:00:00] KB-KN} Kc3 ({And not} 55... Nc3+ 56. Kc2 $11) 56. Bc4 Nd4 57. Kc1 Nc6 58. e6 g5 59. Kb1 Ne7 60. Kc1 $2 (60. Ba6 $15) 60... h5 {[%emt 0:00:00] Strongly threatening ...f4.} (60... f4 $2 61. gxf4 gxf4 62. Kd1 $19) 61. Kd1 Kd4 ({Worse is} 61... Kb2 62. Kd2 $17) 62. Ke2 Nc6 63. Ba2 Ke5 64. Ke3 f4+ (64... Kd6 $142 {aiming for ...Nb4.} 65. Bb3 Nb4) 65. gxf4+ gxf4+ 66. Kf2 Kf5 $2 (66... Kd6 $19 {is more deadly.} 67. Kf3 Ke5) 67. d4 $17 {[%emt 0:00:37] Threatens to win with d5.} Ne7 (67... Nxd4 68. e7 Ke4 69. e8=Q+ Kd3 70. Qxh5 Kc2 71. Qc5+ Kb2 72. Qxd4+ Kxa2 73. Qc3) (67... Kf6 $1 $17 68. Kf3 Nb4) 68. Kf3 $11 Nc8 69. h4 Ne7 70. d5 Nc8 71. Bb1+ Ke5 72. Ba2 Nd6 73. Bb3 $2 (73. e7 $11) 73... Nf5 $19 74. Kf2 Kd6 75. Ba2 Nxh4 76. Bc4 Nf5 77. Kf3 Ke5 (77... h4 $142 78. Kxf4 h3 $1 79. e7 Kxe7 $1 80. Kxf5 h2 81. Kf4 Kd6 82. Ke4 h1=Q+ 83. Ke3 Qh3+ 84. Ke4 Qc3 85. Ba2 Qc2+ 86. Kf4 Qxa2 87. Kg3 Qc4 88. Kh3 a2 89. Kh2 a1=Q 90. Kg3 Qg1+ 91. Kh3 Qcg4#) 78. Ba2 Nd6 79. e7 h4 80. Bb3 h3 81. Ba2 h2 82. Kg2 Ke4 $2 (82... Kf6 83. Kxh2 Kxe7 84. Kg2 Kf6 85. Kf1 Ke5 86. Ke2 Ne4 87. d6 Kxd6 88. Kf3 Nc3 89. Bc4 Ke5 90. Bg8 Nd5 91. Bxd5 Kxd5 92. Kg4 a2 93. Kxf4 a1=Q 94. Kg3 Qe1+ 95. Kg4 Ke5 96. Kf3 Kf5 97. Kg2 Kf4 98. Kh2 Kf3 99. Kh3 Qh1#) 83. Kxh2 $11 Ke3 84. Kg1 $1 f3 (84... Ke2 $5 85. Bc4+ (85. Kg2 $2 f3+ 86. Kg3 f2 $19) 85... Kf3 $11) 85. Kf1 $2 (85. Bc4 $11) 85... f2 $1 86. Bb3 {[%emt 0:01:25] [#]} Kf3 $1 87. Bd1+ {[%emt 0:00:06] [#]} Kg3 $2 (87... Kf4 $1 {mates} 88. Bb3 Ke3 89. Bc4 Kf3 90. Be2+ Kg3 91. Bc4 Nxc4 92. e8=Q Nd2+ 93. Ke2 f1=Q+ 94. Kxd2 a2 95. Qe3+ Kg2 96. Qg5+ Kh1 97. Qh4+ Kg1 98. Qg5+ Qg2+ 99. Qxg2+ Kxg2 100. Kd3 a1=Q 101. Kc4 Qe5 102. Kc5 Qc7+ 103. Kd4 Kf3 104. Kd3 Qc5 105. Kd2 Qxd5+ 106. Kc3 Qc5+ 107. Kb3 Ke3 108. Ka4 Kd3 109. Kb3 Qb5+ 110. Ka2 Kc3 111. Ka3 Qb3#) 88. Bb3 Ne8 89. Bc4 Nf6 90. d6 Ng4 91. e8=Q {[%emt 0:00:30] White threatens Qg8 and mate.} Nh2+ 92. Ke2 f1=Q+ 93. Kd2 $1 $132 {[%emt 0:00:02][%mdl 2048] White has counterplay. The board is on fire.} Qxc4 94. Qe5+ Kg2 95. Qe2+ (95. Qg7+ $1 $11 {was the only way to keep the balance.} Ng4 96. d7 Qd5+ 97. Kc3) 95... Qxe2+ $17 96. Kxe2 {[%emt 0:00:03] KN-KP} Nf3 (96... a2 $17 97. d7 a1=Q) 97. d7 $11 {[%emt 0:00:44] The position is equal.} a2 98. d8=Q {[%emt 0:00:09] Qg8+ would kill now.} Ng1+ 99. Ke3 {[%emt 0:00:08] White wants to mate with Qg8+.} a1=Q 100. Qg5+ Kh2 101. Qf4+ Kh3 102. Qh6+ Kg4 103. Qg6+ Kh3 104. Qh6+ Kg2 105. Qg5+ Kh2 {[%emt 0:01:27] ( -> ...Qc1+)} 106. Qf4+ {[%emt 0:00:20] Weighted Error Value: White=0.37/Black=0.14 (very precise)} 1/2-1/2